 Dungeon Crawl Stone Soup version 0.26.0-10-g1f06aea511 (webtiles) character file.

Game seed: 12444909598955591001

8817 Arzdou the Cleaver (level 11, -1/148 HPs)
             Began as a Minotaur Berserker on Jan 20, 2021.
             Was a High Priest of Trog.
             Slain by Snorg (15 damage)
             ... on level 11 of the Dungeon.
             The game lasted 00:34:18 (10769 turns).

Arzdou the Cleaver (Minotaur Berserker)            Turns: 10769, Time: 00:34:19

Health: -1/148     AC: 15    Str: 22    XL:     11   Next: 14%
Magic:  0/11       EV: 14    Int:  4    God:    Trog [*****.]
Gold:   660        SH:  0    Dex: 13    Spells: 10/10 levels left

rFire    . . .     SeeInvis +   y - +1 hand axe (venom)
rCold    . . .     Faith    .   (no shield)
rNeg     . . .     Spirit   +   D - +0 chain mail
rPois    .         Reflect  .   (helmet restricted)
rElec    .         Harm     .   I - +1 cloak
rCorr    .         Rampage  .   v - +0 pair of gloves
Will     .....                  (no boots)
Stlth    ..........             w - amulet of guardian spirit
HPRegen  0.34/turn              (no ring)
MPRegen  0.12/turn              o - ring of see invisible

@: berserking, very quick
A: retaliatory headbutt, horns 2, repulsion field 1, high mp 1
a: Renounce Religion, Berserk, Trog's Hand, Brothers in Arms


You were on level 11 of the Dungeon.
You worshipped Trog.
Trog was extremely pleased with you.
You visited 2 branches of the dungeon, and saw 12 of its levels.

You collected 660 gold pieces.

Inventory:

Hand Weapons
 y - a +1 hand axe of venom (weapon)
 B - a +4 mace of freezing
Armour
 v - a +0 pair of gloves (worn)
 A - +0 steam dragon scales
 D - a +0 chain mail (worn)
 F - a +1 helmet
 H - a scarf of repulsion
 I - a +1 cloak (worn)
Jewellery
 o - a ring of see invisible (right hand)
 w - an amulet of guardian spirit (around neck)
Wands
 p - a wand of disintegration (23)
 C - a wand of iceblast (4)
Scrolls
 a - 4 scrolls of teleportation
 c - 7 scrolls of remove curse
 d - 2 scrolls of identify
 e - 4 scrolls of enchant armour
 g - 4 scrolls of amnesia {unknown}
 i - 3 scrolls of fear
 l - a scroll of magic mapping {unknown}
 q - 2 scrolls of immolation
 t - 2 scrolls of fog {unknown}
 x - 2 scrolls of enchant weapon {unknown}
 z - 2 scrolls of random uselessness {unknown}
 E - a scroll of vulnerability {unknown}
 G - a scroll of noise {unknown}
Potions
 b - 2 potions of ambrosia
 f - 2 potions of haste
 h - 5 potions of lignification
 j - 3 potions of heal wounds
 k - a potion of attraction {unknown}
 m - 4 potions of degeneration
 n - a potion of cancellation
 r - a potion of curing
 s - a potion of might
 u - 4 potions of flight


   Skills:
 + Level 10.0 Fighting
 * Level 13.1 Axes
 + Level 9.7 Armour
 + Level 8.9 Dodging


You had 10 spell levels left.
You didn't know any spells.
Your spell library was empty.

Dungeon Overview and Level Annotations

Branches:
Dungeon (11/15)            Temple (1/1) D:4            Lair (0/6) D:10
    Orc: D:9-12

Altars:
Ashenzari
Cheibriados
Dithmenos
Elyvilon
Fedhas
Gozag
Hepliaklqana
Kikubaaqudgha
Makhleb
Nemelex Xobeh
Okawaru
Qazlal
Ru
Sif Muna
Trog
Uskayaw
Vehumet
Wu Jian
Xom
Yredelemnul
Zin
The Shining One

Annotations:
D:11 Snorg


Innate Abilities, Weirdness & Mutations

You reflexively headbutt those who attack you in melee.
You have a pair of horns on your head.
You are surrounded by a mild repulsion field. (EV +2)
You have an increased reservoir of magic. (+10% MP)


Message History

Snorg is heavily wounded.
Snorg bites you! Snorg barely misses you. Snorg completely misses you.
You slash Snorg!
Snorg is heavily wounded.
Snorg closely misses you. You furiously retaliate!
You headbutt Snorg! Snorg claws you but does no damage. Snorg claws you!
You slash Snorg!
Snorg looks as sick as possible!
Snorg is severely wounded.
You slash Snorg!
Snorg looks as sick as possible!
Snorg is severely wounded.
Snorg bites you!
* * * LOW HITPOINT WARNING * * *
Snorg claws you!
* * * LOW HITPOINT WARNING * * *
Snorg claws you!
* * * LOW HITPOINT WARNING * * *
You closely miss Snorg. Your headbutt misses Snorg.
Snorg is severely wounded.
Snorg barely misses you. Snorg claws you!
You die...

###############
...........>..#
..............#
#............##
#............#
#.............
##.............
#....)@........
......T.).......
........#.......
.......###..(...
....... ......
....... ......
....... .....
.....$. ....#


You could see Snorg (berserk, extremely poisoned).

Vanquished Creatures
  3 two-headed ogres
  An unseen horror (D:10)
  A hornet (D:10)
  Prince Ribbit (D:7)
  A wyvern (D:10)
  A steam dragon (D:10)
  6 yaks (D:10)
  2 wargs (D:10)
  5 orc warriors
  An ice beast (D:8)
  Duvessa (D:7)
  A black bear (D:9)
  A necrophage (D:8)
  3 sky beasts
  4 ogres
  5 centaurs
  8 bullfrogs
  Dowan (D:7)
  A gnoll sergeant (D:9)
  A water moccasin zombie (D:7)
  A scorpion (D:9)
  6 wights
  2 howler monkeys
  2 vampire bats (D:6)
  2 orc priests
  7 jellies
  An iguana (D:8)
  A bullfrog skeleton (D:4)
  A hound (D:4)
  2 centaur skeletons
  8 orc wizards
  10 worker ants
  2 killer bee zombies (D:10)
  2 hound zombies
  A hound skeleton (D:5)
  2 worker ant zombies (D:9)
  10 adders
  3 shadow imps
  5 ufetubi
  3 oozes
  2 adder skeletons
  2 worms
  3 dart slugs
  6 leopard geckos
  31 orcs
  2 ball pythons
  5 bats
  3 bat skeletons (D:6)
  2 bat zombies (D:6)
  4 giant cockroaches
  2 goblins
  4 hobgoblins
  7 jackals
  7 quokkas
  8 frilled lizards
  5 kobolds
  2 leopard gecko zombies
  A quokka skeleton (D:8)
  2 quokka zombies
  10 rats
227 creatures vanquished.

Vanquished Creatures (others)
  Maurice (D:10)
  A leopard gecko (D:4)
  A plant (D:10)
3 creatures vanquished.

Grand Total: 230 creatures vanquished

Notes
Turn   | Place    | Note
-------+----------+-------------------------------------------
     0 | D:1      | Arzdou the Minotaur Berserker began the quest for the Orb.
     0 | D:1      | Reached XP level 1. HP: 19/19 MP: 0/0
    88 | D:1      | Reached XP level 2. HP: 27/27 MP: 1/1
   424 | D:1      | Reached skill level 4 in Axes
   724 | D:2      | Reached ** piety under Trog
   821 | D:2      | Reached XP level 3. HP: 30/33 MP: 2/2
  1119 | D:2      | Found a hazy altar of Hepliaklqana.
  1159 | D:2      | Noticed a moth of wrath
  1178 | D:2      | Found a bloodstained altar of Trog.
  1376 | D:2      | Found a shimmering blue altar of Sif Muna.
  1376 | D:2      | Found a glowing golden altar of the Shining One.
  1498 | D:2      | Reached XP level 4. HP: 36/40 MP: 3/3
  2407 | D:4      | Reached XP level 5. HP: 47/47 MP: 4/4
  2410 | D:4      | Noticed an ogre
  2423 | D:4      | Killed an ogre
  2424 | D:4      | Reached skill level 5 in Axes
  2438 | D:4      | Noticed a +0 hand axe
  2440 | D:4      | Noticed a +0 dagger
  2448 | D:4      | Found a hide-covered altar of Uskayaw.
  2670 | D:4      | Reached skill level 5 in Fighting
  2670 | D:4      | Reached XP level 6. HP: 56/56 MP: 5/5
  2711 | D:4      | Reached skill level 6 in Axes
  2995 | D:4      | Found a staircase to the Ecumenical Temple.
  3007 | Temple   | Entered the Ecumenical Temple
  3209 | D:5      | Entered Level 5 of the Dungeon
  3287 | D:5      | Reached *** piety under Trog
  3744 | D:5      | Found a bloodstained altar of Trog.
  3892 | D:5      | Reached XP level 7. HP: 52/61 MP: 4/6
  4462 | D:6      | Found a broken altar of Ashenzari.
  4508 | D:6      | Found an ancient bone altar of Kikubaaqudgha.
  4603 | D:6      | Reached skill level 5 in Armour
  4643 | D:6      | Found a snail-covered altar of Cheibriados.
  4745 | D:6      | Found a basalt altar of Yredelemnul.
  4792 | D:6      | Reached skill level 7 in Axes
  4968 | D:6      | Found a white marble altar of Elyvilon.
  5039 | D:6      | Reached skill level 5 in Dodging
  5460 | D:7      | Reached XP level 8. HP: 64/70 MP: 7/7
  5496 | D:7      | Reached skill level 8 in Axes
  5535 | D:7      | Noticed Duvessa
  5535 | D:7      | Noticed Dowan
  5545 | D:7      | Killed Duvessa
  5556 | D:7      | Killed Dowan
  5629 | D:7      | Reached **** piety under Trog
  6175 | D:7      | Found a shimmering altar of Xom.
  6175 | D:7      | Noticed Prince Ribbit
  6183 | D:7      | Killed Prince Ribbit
  6184 | D:7      | Reached skill level 9 in Axes
  6748 | D:8      | Reached XP level 9. HP: 77/79 MP: 5/8
  6859 | D:8      | Gained mutation: Your body sometimes deteriorates upon
                  | taking damage. [potion of mutation]
  6859 | D:8      | Gained mutation: Your mind is acute. (Int +2) [potion of
                  | mutation]
  6859 | D:8      | Gained mutation: You have a beak for a mouth. [potion of
                  | mutation]
  6859 | D:8      | Gained mutation: You have an increased reservoir of magic.
                  | (+10% MP) [potion of mutation]
  6860 | D:8      | Lost mutation: Your body sometimes deteriorates upon taking
                  | damage. [potion of mutation]
  6860 | D:8      | Lost mutation: Your mind is acute. (Int +2) [potion of
                  | mutation]
  6860 | D:8      | Lost mutation: You have an increased reservoir of magic.
                  | (+10% MP) [potion of mutation]
  6860 | D:8      | Gained mutation: You evolve. [potion of mutation]
  6956 | D:8      | Found a blossoming altar of Fedhas.
  7233 | D:8      | Lost mutation: You evolve. [potion of mutation]
  7233 | D:8      | Lost mutation: You have a beak for a mouth. [potion of
                  | mutation]
  7233 | D:8      | Gained mutation: You are surrounded by a mild repulsion
                  | field. (EV +2) [potion of mutation]
  7233 | D:8      | Gained mutation: You have an increased reservoir of magic.
                  | (+10% MP) [potion of mutation]
  7662 | D:9      | Reached skill level 10 in Axes
  7903 | D:9      | Noticed a two-headed ogre
  7911 | D:9      | Killed a two-headed ogre
  7912 | D:9      | Reached skill level 11 in Axes
  8176 | D:9      | Noticed a two-headed ogre
  8193 | D:9      | Killed a two-headed ogre
  8194 | D:9      | Reached XP level 10. HP: 29/90 MP: 5/10
  8444 | D:9      | Found a sacrificial altar of Ru.
  9329 | D:10     | Entered Level 10 of the Dungeon
  9468 | D:10     | Reached skill level 12 in Axes
  9541 | D:10     | Reached ***** piety under Trog
  9623 | D:10     | Noticed a two-headed ogre
  9653 | D:10     | Killed a two-headed ogre
  9884 | D:10     | Paralysed by a hornet for 1 turns
 10043 | D:10     | Reached XP level 11. HP: 45/99 MP: 8/11
 10392 | D:10     | Noticed an unseen horror
 10395 | D:10     | Noticed Maurice
 10401 | D:10     | Killed an unseen horror
 10402 | D:10     | Reached skill level 10 in Fighting
 10402 | D:10     | Reached skill level 13 in Axes
 10411 | D:10     | Killed Maurice
 10469 | D:10     | Found a staircase to the Lair.
 10731 | D:11     | Noticed Snorg
 10769 | D:11     | Slain by Snorg

Illustrated notes

Levels and vault maps discovered:
D:1:      wander_arrival_lonely_grave, layout_loops_ring
D:2:      layout_loops_ring, nzn_hepliaklqana_mist_gate,
          gammafunk_temple_overflow_pools, tgw_trog
D:3:      layout_loops_ring
D:4:      minmay_diamond_boxcup, layout_cave_pools, dancing_weapons_uskayaw,
          lemuel_temple_firewalk_b
D:5:      layout_cave_pods, lemuel_coloured_pillars_altar
D:6:      layout_cave_pools, kennysheep_ying_yang, kennysheep_vampire_church,
          lemuel_doored_altar, evilmike_ruin_ashenzari, feat_on_display
D:7:      layout_loops_corners, tgw_xom, uniq_duvessa, uniq_prince_ribbit1
D:8:      layout_cave_pods, lemuel_round_altar
D:9:      cheibrodos_ideogram_h, layout_basic,
          nicolae_ru_great_annihilating_truth
D:10:     layout_cave_pools, erik_lair_orcish_takeover, uniq_maurice
D:11:     layout_big_octagon, erik_orc_2, hangedman_abyss_or_decor_stagger,
          uniq_snorg, uniq_josephine
Temple:   dpeg_three_leaves_temple

Skill      XL: |  1  2  3  4  5  6  7  8  9 10 11 |
---------------+----------------------------------+-----
Fighting       | 4 5 6 7 8 9 10 | 10.0
Axes           | 4 5 6 7 9 11 12 13 | 13.1
Armour         | 3 4 5 6 8 9 |  9.7
Dodging        | 3 4 5 6 7 8 |  8.9

Action                   |  1- 3 |  4- 6 |  7- 9 | 10-12 || total
-------------------------+-------+-------+-------+-------++-------
Melee: Hand axe          |    87 |    49 |   231 |   189 ||   556
       Headbutt          |    19 |    14 |    49 |    46 ||   128
       War axe           |       |    48 |       |       ||    48
       Peck              |       |       |     3 |       ||     3
Invok: Berserk           |       |     3 |     9 |     4 ||    16
       Brothers in Arms  |       |       |       |     1 ||     1
  Use: Scroll            |       |     7 |     8 |       ||    15
       Potion            |       |     1 |     4 |     2 ||     7
 Stab: Paralysed         |       |       |       |     2 ||     2
Armor: Animal skin       |     4 |       |       |       ||     4
       Ring mail         |    23 |    21 |       |       ||    44
       Scale mail        |       |       |    12 |       ||    12
       Chain mail        |       |       |    71 |    72 ||   143
Dodge: Dodged            |    56 |    72 |   149 |   122 ||   399
